 Dungeon Sprint DCSS version 0.30-a0-354-g6b83867211 (webtiles) character file.

Game seed: 14936986202042463633

6804 rocky1 the Protected (level 11, 0/95 HPs)
             Began as a Formicid Fighter on Nov 8, 2022.
             Was the Champion of Cheibriados.
             Slain by an efreet
             ... wielding a +4 scimitar of flaming
              (8 damage)
             ... in the Dungeon (Sprint VII: "The Pits").
             The game lasted 00:06:48 (1771 turns).

rocky1 the Protected (Formicid Fighter)             Turns: 1771, Time: 00:06:49

Health: 0/95       AC: 21    Str: 41    XL:     11   Next: 25%
Magic:  15/20      EV: 10    Int: 25    God:    Cheibriados [******]
Gold:   0          SH:  9    Dex: 31    Spells: 10/10 levels left

rFire   . . .      SeeInvis +    u - +2 halberd (venom)
rCold   . . .      Faith    .    c - +0 buckler
rNeg    . . .      Spirit   .    l - +2 plate armour
rPois   .          Reflect  .    (helmet unavailable)
rElec   .          Harm     .    r - +0 cloak
rCorr   .          Rampage  .    s - +0 pair of gloves
Will    +....                    (no boots)
Stlth   +.........               (no amulet)
HPRegen 0.35/turn                h - +3 ring of intelligence
MPRegen 0.17/turn                n - +3 ring of dexterity

@: mighty, lethally poisoned (0 -> -26), very slow
A: permanent stasis, dig shafts and tunnels, antennae 3, four strong arms
a: Dig, Renounce Religion, Bend Time, Temporal Distortion, Slouch, Step From
Time


You were in the Dungeon.
You worshipped Cheibriados.
Cheibriados was exalted by your worship.
You visited 1 branch

Inventory:

Hand Weapons
 u - a +2 halberd of venom (weapon)
Armour
 c - a +0 buckler (worn)
 l - a +2 plate armour (worn)
 r - a +0 cloak (worn)
 s - a +0 pair of gloves (worn)
Jewellery
 h - a +3 ring of intelligence (left hand)
 n - a +3 ring of dexterity (right hand)
Scrolls
 i - 5 scrolls of amnesia
 j - a scroll of summoning
Potions
 a - a potion of degeneration {unknown}
 d - a potion of might
 e - 5 potions of curing
 f - 3 potions of heal wounds
 g - 4 potions of magic
 o - a potion of brilliance
 p - a potion of resistance
 q - a potion of mutation


   Skills:
 + Level 11.9 Fighting
 + Level 13.6 Polearms
 + Level 13.6 Armour
 + Level 1.7 Dodging
 + Level 10.5 Stealth
 + Level 12.3 Shields
 - Level 12.6 Invocations


You had 10 spell levels left.
You didn't know any spells.
Your spell library was empty.

Dungeon Overview and Level Annotations

Branches:
Dungeon (1/1)

Altars:
Ashenzari
Cheibriados
Dithmenos
Elyvilon
Fedhas
Gozag
Hepliaklqana
Kikubaaqudgha
Makhleb
Nemelex Xobeh
Okawaru
Qazlal
Ru
Sif Muna
Trog
Uskayaw
Vehumet
Wu Jian
Xom
Yredelemnul
Zin
The Shining One
Jiyva
Lugonu


Innate Abilities, Weirdness & Mutations

You cannot be hasted, slowed, berserked, paralysed or teleported.
You can dig through walls and to a lower floor.
You have a pair of large antennae on your head. (SInv)
Your four strong arms can wield two-handed weapons with a shield.


Message History

Unknown command.
You feel extremely sick. The efreet gestures at you.
The bolt of fire hits you!!
You feel better.
You feel much better.
The efreet hits you with a +4 scimitar of flaming!
The efreet burns you.
The swamp dragon is engulfed in blazing flames.
Unknown command.
You feel very mighty all of a sudden. The efreet closely misses you.
The swamp dragon breathes poison at you.
The blast of poison misses you.
Unknown command.
You barely miss the efreet.
You are engulfed in poison gas.
You are poisoned.
You feel very sick. The efreet gestures at you. The bolt of fire hits you!
The swamp dragon bites you!
* * * LOW HITPOINT WARNING * * *
The swamp dragon claws you but does no damage.
The swamp dragon tramples you but does no damage.
Okay, then.
You feel better.
You are engulfed in poison gas.
You are poisoned.
* * * LOW HITPOINT WARNING * * *
You feel very sick. The efreet gestures at you. The bolt of fire misses you.
The swamp dragon bites you.
* * * LOW HITPOINT WARNING * * *
The swamp dragon claws you but does no damage.
The swamp dragon tramples you but does no damage.
Activating: Slouch (1% risk of failure)
Press: ? - help, Dir - look around, f - activate You can feel time thicken for a moment.
You are engulfed in poison gas.
You are lethally poisoned!
* * * LOW HITPOINT WARNING * * *
x2 You feel very sick.
The efreet hits you with a +4 scimitar of flaming!
You die...

........+ ........+
.#......# {{ ........#
#''###### #''# ###
######## #..## ..
##..○☼.☼# { #...##..
##..##○○○#
##..)##'##..###○@☼+
##).........##○RD#{{
##.)###'###...##'## {{
#..##.....##..#...
#.)÷.......'..+...+{{{
#).##.....##..#...#{ {
##).###'###...##+##{ {
##...)......## {
#...##'##..## {{


You could see a swamp dragon and an efreet.

Vanquished Creatures
  Erica (D)
  A boulder beetle (D)
  2 death yaks (D)
  A shadow wraith (D)
  A bog body (D)
  A sea snake (D)
  2 orc sorcerers (D)
  A guardian mummy (D)
  5 dream sheep (D)
  Eustachio (D)
  A redback (D)
  An ice beast (D)
  A sky beast (D)
  A black bear (D)
  A scorpion (D)
  6 wights (D)
  A crimson imp (D)
  A quasit (D)
  A hound (D)
  An orc wizard (D)
  A hell rat (D)
  A mummy (D)
  2 gnolls (D)
  An ufetubus (D)
  3 orcs (D)
  A ball python (D)
  2 bats (D)
  A bat zombie (D)
  A giant cockroach (D)
  A hobgoblin (D)
  3 jackals (D)
  A quokka (D)
  A goblin (D)
  A kobold (D)
51 creatures vanquished.

Notes
Turn   | Place    | Note
-------+----------+-------------------------------------------
     0 | D        | rocky1 the Formicid Fighter began the quest for the Orb.
     0 | D        | Reached XP level 1. HP: 18/18 MP: 1/1
    20 | D        | Found a bloodstained altar of Trog.
    20 | D        | Found a shimmering blue altar of Sif Muna.
    20 | D        | Found a viscous altar of Jiyva.
    20 | D        | Found a hazy altar of Hepliaklqana.
    20 | D        | Found an opulent altar of Gozag.
    21 | D        | Found a glowing golden altar of the Shining One.
    21 | D        | Found a glowing silver altar of Zin.
    21 | D        | Found a basalt altar of Yredelemnul.
    21 | D        | Found a shimmering altar of Xom.
    21 | D        | Found an ornate altar of the Wu Jian Council.
    21 | D        | Found a sacrificial altar of Ru.
    21 | D        | Found a stormy altar of Qazlal.
    21 | D        | Found an iron altar of Okawaru.
    21 | D        | Found a sparkling altar of Nemelex Xobeh.
    21 | D        | Found a burning altar of Makhleb.
    21 | D        | Found a blossoming altar of Fedhas.
    21 | D        | Found a white marble altar of Elyvilon.
    21 | D        | Found a shadowy altar of Dithmenos.
    21 | D        | Found a snail-covered altar of Cheibriados.
    25 | D        | Found a corrupted altar of Lugonu.
    25 | D        | Found a radiant altar of Vehumet.
    26 | D        | Found a broken altar of Ashenzari.
    26 | D        | Found an ancient bone altar of Kikubaaqudgha.
    26 | D        | Found a hide-covered altar of Uskayaw.
    32 | D        | Became a worshipper of Cheibriados the Contemplative
    77 | D        | Noticed a scorpion
    82 | D        | Killed a scorpion
    83 | D        | Reached skill level 5 in Fighting
    83 | D        | Reached skill level 5 in Armour
    83 | D        | Reached XP level 2. HP: 17/27 MP: 2/2
    83 | D        | Reached XP level 3. HP: 21/33 MP: 3/3
    83 | D        | Reached XP level 4. HP: 25/39 MP: 4/4
    83 | D        | Reached * piety under Cheibriados
    94 | D        | Reached skill level 1 in Stealth
    96 | D        | Reached ** piety under Cheibriados
   235 | D        | Noticed a black bear
   245 | D        | Reached *** piety under Cheibriados
   251 | D        | Killed a black bear
   252 | D        | Reached XP level 5. HP: 23/47 MP: 5/5
   605 | D        | Noticed an ice beast
   608 | D        | Reached skill level 5 in Polearms
   608 | D        | Reached XP level 6. HP: 55/55 MP: 6/6
   608 | D        | Reached **** piety under Cheibriados
   616 | D        | Killed an ice beast
   621 | D        | Reached skill level 1 in Dodging
   698 | D        | Reached ***** piety under Cheibriados
   699 | D        | Reached skill level 1 in Invocations
   699 | D        | Reached XP level 7. HP: 62/62 MP: 6/8
   739 | D        | Reached skill level 10 in Shields
   741 | D        | Noticed a death yak
   762 | D        | Killed a death yak
   763 | D        | Reached skill level 10 in Armour
   763 | D        | Reached skill level 5 in Invocations
   763 | D        | Reached XP level 8. HP: 45/71 MP: 9/12
   766 | D        | Reached ****** piety under Cheibriados
   939 | D        | Noticed a guardian mummy
   947 | D        | Killed a guardian mummy
  1114 | D        | Noticed an orc sorcerer
  1114 | D        | Noticed a dream sheep
  1114 | D        | Noticed a dream sheep
  1116 | D        | Reached XP level 9. HP: 77/77 MP: 8/14
  1117 | D        | Killed an orc sorcerer
  1123 | D        | Reached skill level 10 in Fighting
  1123 | D        | Reached skill level 10 in Polearms
  1126 | D        | Noticed an orc sorcerer
  1128 | D        | Reached XP level 10. HP: 68/85 MP: 5/17
  1133 | D        | Killed an orc sorcerer
  1156 | D        | Noticed Erica
  1162 | D        | Killed Erica
  1163 | D        | Reached skill level 10 in Invocations
  1321 | D        | Noticed a death yak
  1324 | D        | Killed a death yak
  1325 | D        | Reached skill level 10 in Stealth
  1339 | D        | Noticed a sea snake
  1339 | D        | Noticed Eustachio
  1348 | D        | Killed a sea snake
  1357 | D        | Killed Eustachio
  1512 | D        | Noticed a bog body
  1517 | D        | Killed a bog body
  1518 | D        | Reached XP level 11. HP: 80/93 MP: 19/19
  1665 | D        | Noticed a shadow wraith
  1665 | D        | Noticed a boulder beetle
  1669 | D        | Killed a shadow wraith
  1676 | D        | Killed a boulder beetle
  1760 | D        | Noticed a swamp dragon
  1771 | D        | Slain by an efreet

Illustrated notes

Levels and vault maps discovered:
D:        pitsprint [storerooms_1, entrance_room_1, metal_vault_5, armoury_1,
          mini_pit_1, grid_room_1, main_hall_1, silver_pit, the_coven_3,
          the_vestibule_1, steel_vault_5, golden_pit, hallway_of_sentries,
          crystal_vault_2, iron_vault_3, final_vault]

Skill      XL: |  1  2  3  4  5  6  7  8  9 10 11 |
---------------+----------------------------------+-----
Fighting       | 5 6 7 8 9 10 11 | 11.9
Polearms       | 3 4 5 6 8 9 11 12 13 | 13.6
Armour         | 5 6 7 8 10 11 13 | 13.6
Shields        | 6 8 9 11 12 | 12.3
Stealth        | 2 3 6 7 8 10 | 10.5
Dodging        | 1 |  1.7
Invocations    | 1 5 7 9 11 12 | 12.6

Action                   |  1- 3 |  4- 6 |  7- 9 | 10-12 || total
-------------------------+-------+-------+-------+-------++-------
Melee: Trident           |     7 |    47 |    39 |       ||    93
       Halberd           |       |       |     6 |    52 ||    58
Invok: Slouch            |       |       |     3 |     1 ||     4
  Use: Potion            |     1 |       |     4 |     6 ||    11
 Stab: Invisible         |     1 |     1 |     5 |       ||     7
Armor: Scale mail        |     1 |    10 |       |       ||    11
       Plate armour      |       |    12 |     9 |    13 ||    34
Dodge: Dodged            |     3 |    29 |    12 |    10 ||    54
Block: Buckler           |     2 |    19 |     6 |     8 ||    35

Table legend: (Time is in decaauts)
 A = Elapsed time spent in this place.
 B = Non-inter-level travel time spent in this place.
 C = Inter-level travel time spent in this place.
 D = Time resting spent in this place.
 E = Time spent auto-exploring this place.
 F = Levels seen in this place.
 G = Mean time per level.
                   A        B        C        D        E       F      G
               +--------+--------+--------+--------+--------+-----+--------+
         Total |   1999 |   1878 |    121 |   1181 |      0 |   1 | 1999.0 |
       Dungeon |   1999 |   1878 |    121 |   1181 |      0 |   1 | 1999.0 |
               +--------+--------+--------+--------+--------+-----+--------+

Top non-repeatable levels by time:
       D: 1999 daAuts
